PBL
ROSWELL INVADERS @ CALGARY FLAMES
09/11/2048
 
TOP OF THE 1ST
Roswell Invaders batting - Pitching for Calgary Flames : RHP Jarrod Boncek
Pitching: RHP Jarrod Boncek
Batting: LHB Jalen Williams 0-0: Foul Ball, location: 2F
0-1: Ground out 3-1 (Groundball, 34, EV 91.2 MPH)
Batting: RHB Shing Mah 0-0: Ball
1-0: SINGLE (Groundball, 56D, EV 100.6 MPH)
Batting: LHB Ivan Cortez 0-0: Ball
1-0: Fielders Choice at 2nd, 4-6 (Groundball, 4, EV 82.5 MPH)
Batting: LHB Angelo Lira 0-0: Ball
1-0: Swinging Strike
1-1: Called Strike
1-2: Ball
2-2: Ball
3-2: Strikes out looking
Top of the 1st over - 0 runs, 1 hit, 0 errors, 1 left on base; Roswell 0 - Calgary 0
BOTTOM OF THE 1ST
Calgary Flames batting - Pitching for Roswell Invaders : RHP Xavier Reed
Pitching: RHP Xavier Reed
Batting: RHB Peter Frankel 0-0: Ball
1-0: Called Strike
1-1: Ball
2-1: Ball
3-1: Base on Balls
Batting: RHB Andre Thompson 0-0: Called Strike
Pickoff Throw to First - Error! E1
Peter Frankel to second
0-1: SINGLE (Groundball, 56S, EV 93.8 MPH)
Peter Frankel to third
Runner from 3rd tries for Home, throw by LF and OUT! 7-2
Batting: RHB Norinaga Yamakawakamatsu 0-0: Fly out, F8 (Flyball, 8LD, EV 103.1 MPH)
Batting: RHB Alejandro Patron 0-0: Ball
1-0: Called Strike
1-1: Called Strike
1-2: Ball
2-2: Ball
3-2: Ground out 5-3 (Groundball, 56S, EV 88.8 MPH)
Bottom of the 1st over - 0 runs, 1 hit, 1 error, 1 left on base; Roswell 0 - Calgary 0
TOP OF THE 2ND
Roswell Invaders batting - Pitching for Calgary Flames : RHP Jarrod Boncek
Now in RF: Garrett Dodge
Batting: LHB Julio Zamora 0-0: Called Strike
0-1: Called Strike
0-2: Foul Ball, location: 2F
0-2: Ball
1-2: Strikes out looking
Batting: RHB Jason Hanson 0-0: Ground out 6-3 (Groundball, 6, EV 101.2 MPH)
Batting: LHB Adam Spence 0-0: Ball
1-0: Foul Ball, location: 2F
1-1: Fly out, F8 (Flyball, 8RD, EV 81.9 MPH)
Top of the 2nd over - 0 runs, 0 hits, 0 errors, 0 left on base; Roswell 0 - Calgary 0
BOTTOM OF THE 2ND
Calgary Flames batting - Pitching for Roswell Invaders : RHP Xavier Reed
Batting: LHB Gary Corrales 0-0: Foul Ball, location: 2F
0-1: Swinging Strike
0-2: Hit by Pitch
Batting: RHB Andy Thomas 0-0: Grounds into double play, 6-4-3 (Groundball, 6, EV 78.1 MPH)
Batting: RHB Chad Stady 0-0: Ball
1-0: Called Strike
1-1: Called Strike
1-2: SINGLE (Line Drive, 7S, EV 93.1 MPH)
Batting: RHB Antonio Martinez 0-0: Foul Ball, location: 2F
0-1: Called Strike
0-2: Ball
1-2: Ball
2-2: Strikes out swinging
Bottom of the 2nd over - 0 runs, 1 hit, 0 errors, 1 left on base; Roswell 0 - Calgary 0
TOP OF THE 3RD
Roswell Invaders batting - Pitching for Calgary Flames : RHP Jarrod Boncek
Batting: RHB Shinichi Miyamoto 0-0: Fly out, F8 (Line Drive, 8LD, EV 92.5 MPH)
Batting: RHB Carlos Gonzalez 0-0: Fly out, F7 (Line Drive, 78M, EV 95.0 MPH)
Batting: LHB Jalen Williams 0-0: Ball
1-0: Ball
2-0: Called Strike
2-1: SINGLE (Groundball, 4MS, EV 72.5 MPH) (infield hit)
Batting: RHB Shing Mah 0-0: Fly out, F8 (Line Drive, 8LD, EV 89.4 MPH)
Top of the 3rd over - 0 runs, 1 hit, 0 errors, 1 left on base; Roswell 0 - Calgary 0
BOTTOM OF THE 3RD
Calgary Flames batting - Pitching for Roswell Invaders : RHP Xavier Reed
Batting: RHB Pablo Henriquez 0-0: Ball
1-0: Called Strike
1-1: Swinging Strike
1-2: Ball
2-2: Fly out, F9 (Flyball, 9S, EV 93.1 MPH)
Batting: LHB Garrett Dodge 0-0: Ball
1-0: Ball
2-0: Called Strike
2-1: Foul Ball, location: 2F
2-2: Strikes out looking
Batting: RHB Andre Thompson 0-0: Ball
1-0: Ball
2-0: Foul Ball, location: 2F
2-1: Ball
3-1: Fly out, F8 (Flyball, 8LM, EV 81.9 MPH)
Bottom of the 3rd over - 0 runs, 0 hits, 0 errors, 0 left on base; Roswell 0 - Calgary 0
TOP OF THE 4TH
Roswell Invaders batting - Pitching for Calgary Flames : RHP Jarrod Boncek
Batting: LHB Ivan Cortez 0-0: Ball
1-0: SOLO HOME RUN (Flyball, 89XD, EV 103.1 MPH), Distance : 410 ft
Batting: LHB Angelo Lira 0-0: Ball
1-0: Ball
2-0: SINGLE (Line Drive, 6D, EV 94.4 MPH)
Batting: LHB Julio Zamora 0-0: Called Strike
0-1: Foul Ball, location: 2F
0-2: Strikes out swinging
Batting: RHB Jason Hanson 0-0: Called Strike
0-1: Ball
1-1: Called Strike
1-2: Foul Ball, location: 2F
1-2: Foul Ball, location: 2F
1-2: Strikes out swinging
Batting: LHB Adam Spence 0-0: Ball
1-0: Ball
2-0: Ball
3-0: Called Strike
3-1: Foul Ball, location: 2F
3-2: Foul Ball, location: 2F
3-2: Strikes out swinging
Top of the 4th over - 1 run, 2 hits, 0 errors, 1 left on base; Roswell 1 - Calgary 0
BOTTOM OF THE 4TH
Calgary Flames batting - Pitching for Roswell Invaders : RHP Xavier Reed
Batting: RHB Norinaga Yamakawakamatsu 0-0: Ball
1-0: Ball
2-0: Ball
3-0: Called Strike
3-1: Foul Ball, location: 2F
3-2: Base on Balls
Batting: RHB Alejandro Patron 0-0: Grounds into double play, 6-4-3 (Groundball, 6M, EV 85.6 MPH)
Batting: LHB Gary Corrales 0-0: Ball
1-0: Called Strike
1-1: Ball
2-1: Foul Ball, location: 2F
2-2: Ball
3-2: Base on Balls
Batting: RHB Andy Thomas 0-0: SINGLE (Groundball, 56D, EV 95.6 MPH)
Gary Corrales to second
Batting: RHB Chad Stady 0-0: Fielders Choice at 2nd, 6-4 (Groundball, 6, EV 80.0 MPH)
Bottom of the 4th over - 0 runs, 1 hit, 0 errors, 2 left on base; Roswell 1 - Calgary 0
TOP OF THE 5TH
Roswell Invaders batting - Pitching for Calgary Flames : RHP Jarrod Boncek
Batting: RHB Shinichi Miyamoto 0-0: Ball
1-0: Fly out, F7 (Flyball, 7S, EV 84.4 MPH)
Batting: RHB Carlos Gonzalez 0-0: Ball
1-0: Called Strike
1-1: Fly out, F7 (Flyball, 7S, EV 83.1 MPH)
Batting: LHB Jalen Williams 0-0: Ball
1-0: Swinging Strike
1-1: Foul Ball, location: 2F
1-2: Ball
2-2: Fly out, F6 (Line Drive, 6MD, EV 74.4 MPH)
Top of the 5th over - 0 runs, 0 hits, 0 errors, 0 left on base; Roswell 1 - Calgary 0
BOTTOM OF THE 5TH
Calgary Flames batting - Pitching for Roswell Invaders : RHP Xavier Reed
Batting: RHB Antonio Martinez 0-0: SINGLE (Line Drive, 8RS, EV 103.8 MPH)
Batting: RHB Pablo Henriquez 0-0: Ball
1-0: Swinging Strike
1-1: SINGLE (Line Drive, 78S, EV 103.8 MPH)
Antonio Martinez to second
Runner from 2nd tries for 3rd, SAFE, no throw by LF
Batting: LHB Garrett Dodge 0-0: Ball
1-0: Ball
2-0: Fielders Choice at 2nd, 6-4 (Groundball, 6, EV 84.4 MPH)
Antonio Martinez scores
Batting: RHB Andre Thompson 0-0: Ball
1-0: Fly out, F7 (Flyball, 7D, EV 96.2 MPH)
Batting: RHB Norinaga Yamakawakamatsu 0-0: Fielders Choice at 2nd, 5-4 (Groundball, 56, EV 85.6 MPH)
Bottom of the 5th over - 1 run, 2 hits, 0 errors, 1 left on base; Roswell 1 - Calgary 1
TOP OF THE 6TH
Roswell Invaders batting - Pitching for Calgary Flames : RHP Jarrod Boncek
Batting: RHB Shing Mah 0-0: Called Strike
0-1: SINGLE (Groundball, 6MD, EV 96.9 MPH)
Batting: LHB Ivan Cortez 0-0: Ball
1-0: Fly out, F8 (Flyball, 8LD, EV 82.5 MPH)
Batting: LHB Angelo Lira 0-0: Called Strike
0-1: Ball
1-1: Grounds into double play, 4-6-3 (Groundball, 4, EV 80.6 MPH)
Top of the 6th over - 0 runs, 1 hit, 0 errors, 0 left on base; Roswell 1 - Calgary 1
BOTTOM OF THE 6TH
Calgary Flames batting - Pitching for Roswell Invaders : RHP Xavier Reed
Batting: RHB Alejandro Patron 0-0: Called Strike
0-1: Swinging Strike
0-2: Ball
1-2: Strikes out swinging
Batting: LHB Gary Corrales 0-0: Called Strike
0-1: Ball
1-1: Ball
2-1: Called Strike
2-2: Ground out 1-3 (Groundball, P, EV 60.6 MPH)
Batting: RHB Andy Thomas 0-0: Ball
1-0: Foul Ball, location: 2F
1-1: Ball
2-1: Foul Ball, location: 2F
2-2: Ball
3-2: Base on Balls
Batting: RHB Chad Stady 0-0: Swinging Strike
0-1: Ground out U3 (Groundball, 13, EV 81.9 MPH)
Bottom of the 6th over - 0 runs, 0 hits, 0 errors, 1 left on base; Roswell 1 - Calgary 1
TOP OF THE 7TH
Roswell Invaders batting - Pitching for Calgary Flames : RHP Jarrod Boncek
Batting: LHB Julio Zamora 0-0: Fly out, F9 (Flyball, 9S, EV 85.0 MPH)
Batting: RHB Jason Hanson 0-0: Ball
1-0: Ball
2-0: Called Strike
2-1: Ball
3-1: Foul Ball, location: 2F
3-2: SINGLE (Line Drive, 89S, EV 92.5 MPH)
Batting: LHB Adam Spence 0-0: Ball
1-0: Ball
2-0: Called Strike
2-1: Ball
3-1: Called Strike
3-2: Fly out, F5 (Line Drive, 5, EV 68.1 MPH)
Batting: RHB Shinichi Miyamoto 0-0: Ground out 5-3 (Groundball, 56S, EV 82.5 MPH)
Top of the 7th over - 0 runs, 1 hit, 0 errors, 1 left on base; Roswell 1 - Calgary 1
BOTTOM OF THE 7TH
Calgary Flames batting - Pitching for Roswell Invaders : RHP Xavier Reed
Batting: RHB Antonio Martinez 0-0: Called Strike
0-1: Ball
1-1: Called Strike
1-2: Foul Ball, location: 2F
1-2: Foul Ball, location: 2F
1-2: Foul Ball, location: 2F
1-2: Strikes out looking
Batting: RHB Pablo Henriquez 0-0: Foul Ball, location: 2F
0-1: Ball
1-1: Called Strike
1-2: Foul Ball, location: 2F
1-2: Strikes out swinging
Batting: LHB Garrett Dodge 0-0: Swinging Strike
0-1: Foul Ball, location: 2F
0-2: Ball
1-2: Strikes out looking
Bottom of the 7th over - 0 runs, 0 hits, 0 errors, 0 left on base; Roswell 1 - Calgary 1
TOP OF THE 8TH
Roswell Invaders batting - Pitching for Calgary Flames : RHP Jarrod Boncek
Pinch Hitting: LHB Falco van Koeveringe 0-0: Ball
1-0: Swinging Strike
1-1: Ball
2-1: Swinging Strike
2-2: Strikes out swinging
Pitching: RHP Dennis Seebacher
Batting: LHB Jalen Williams 0-0: Ball
1-0: Called Strike
1-1: Ball
2-1: Foul Ball, location: 2F
2-2: SINGLE (Groundball, 56D, EV 103.8 MPH)
Batting: RHB Shing Mah 0-0: Ball
1-0: Ball
2-0: Called Strike
2-1: Swinging Strike
2-2: Foul Ball, location: 2F
2-2: Foul Ball, location: 2F
2-2: Ball
3-2: Strikes out swinging
Batting: LHB Ivan Cortez 0-0: Foul Ball, location: 2F
0-1: Foul Ball, location: 2F
0-2: Ball
1-2: Fielders Choice at 2nd, U6 (Groundball, 4M, EV 78.1 MPH)
Top of the 8th over - 0 runs, 1 hit, 0 errors, 1 left on base; Roswell 1 - Calgary 1
BOTTOM OF THE 8TH
Calgary Flames batting - Pitching for Roswell Invaders : RHP Xavier Reed
Now at 3B: Benjie Alejandro
Pinch Hitting: RHB Ahmed Elezi 0-0: Foul Ball, location: 2F
0-1: Foul Ball, location: 2F
0-2: Ball
1-2: Ball
2-2: Foul Ball, location: 2F
2-2: Ground out 5-3 (Groundball, 56S, EV 68.8 MPH)
Batting: RHB Norinaga Yamakawakamatsu 0-0: Swinging Strike
0-1: Fly out, F7 (Flyball, 78M, EV 78.8 MPH)
Batting: RHB Alejandro Patron 0-0: Foul Ball, location: 2F
0-1: Called Strike
0-2: Foul Ball, location: 2F
0-2: Fly out, F9 (Flyball, 9LM, EV 102.5 MPH)
Bottom of the 8th over - 0 runs, 0 hits, 0 errors, 0 left on base; Roswell 1 - Calgary 1
TOP OF THE 9TH
Roswell Invaders batting - Pitching for Calgary Flames : RHP Dennis Seebacher
Pitching: RHP Dylan Aceituno
Now at SS: Tyler Johnson
Batting: LHB Angelo Lira 0-0: Ball
1-0: Called Strike
1-1: Foul Ball, location: 2F
1-2: Foul Ball, location: 2F
1-2: Foul Ball, location: 2F
1-2: Strikes out swinging
Pinch Hitting: RHB Drew Sigona 0-0: Ball
1-0: DOUBLE (Line Drive, 78M, EV 91.2 MPH)
Pinch Hitting: RHB Homer Petropoulos 0-0: Intentional Walk
Pinch Hitting: RHB Matt Satterfield 0-0: Called Strike
0-1: Ball
1-1: Swinging Strike
1-2: Ball
2-2: Strikes out swinging
Pinch Hitting: RHB Hidemitsu Matsuno 0-0: Called Strike
0-1: Fly out, F7 (Flyball, 7LS, EV 97.5 MPH)
Top of the 9th over - 0 runs, 1 hit, 0 errors, 2 left on base; Roswell 1 - Calgary 1
BOTTOM OF THE 9TH
Calgary Flames batting - Pitching for Roswell Invaders : RHP Xavier Reed
Pitching: RHP Sergio Reyes
Now at C: Andrew Moore
Now at 1B: Cullen Kelley
Now in LF: Ray Bieber
Now in RF: Matt Tanner
Batting: LHB Gary Corrales 0-0: Swinging Strike
0-1: Ball
1-1: Called Strike
1-2: Strikes out swinging
Batting: RHB Mick Vaught 0-0: Ball
1-0: Foul Ball, location: 2F
1-1: Swinging Strike
1-2: Strikes out looking
Pinch Hitting: LHB Bruce Daley 0-0: Ball
1-0: Ball
2-0: Fly out, F8 (Flyball, 8LD, EV 96.9 MPH)
Bottom of the 9th over - 0 runs, 0 hits, 0 errors, 0 left on base; Roswell 1 - Calgary 1
TOP OF THE 10TH
Roswell Invaders batting - Pitching for Calgary Flames : RHP Dylan Aceituno
Now at C: Rod Johnson
Batting: RHB Benjie Alejandro 0-0: Foul Ball, location: 2F
0-1: Called Strike
0-2: Ball
1-2: Ball
2-2: Ball
3-2: Ground out U3 (Groundball, 34S, EV 79.4 MPH)
Batting: LHB Jalen Williams 0-0: Ball
1-0: SINGLE (Groundball, 56D, EV 107.5 MPH)
Pitching: RHP Scott Howarth
Batting: RHB Shing Mah 0-0: Ball
1-0: Foul Ball, location: 2F
1-1: Fly out, F3 (Popup, 34S, EV 80.6 MPH)
Batting: LHB Ivan Cortez 0-0: Ball
Wild Pitch!
Jalen Williams to second
1-0: Intentional Walk
Batting: LHB Angelo Lira 0-0: Ball
1-0: Foul Ball, location: 2F
1-1: Ball
2-1: Foul Ball, location: 2F
2-2: Ball
3-2: Strikes out swinging
Top of the 10th over - 0 runs, 1 hit, 0 errors, 2 left on base; Roswell 1 - Calgary 1
BOTTOM OF THE 10TH
Calgary Flames batting - Pitching for Roswell Invaders : RHP Sergio Reyes
Pitching: LHP Sam Davis
Batting: RHB Antonio Martinez 0-0: Called Strike
0-1: Ball
1-1: Foul Ball, location: 2F
1-2: Strikes out looking
Batting: RHB Pablo Henriquez 0-0: Swinging Strike
0-1: Ball
1-1: Foul Ball, location: 2F
1-2: Strikes out swinging
Batting: LHB Garrett Dodge 0-0: Foul Ball, location: 2F
0-1: Called Strike
0-2: Strikes out swinging
Bottom of the 10th over - 0 runs, 0 hits, 0 errors, 0 left on base; Roswell 1 - Calgary 1
TOP OF THE 11TH
Roswell Invaders batting - Pitching for Calgary Flames : RHP Scott Howarth
Batting: RHB Ray Bieber 0-0: SINGLE (Line Drive, 5D, EV 103.8 MPH)
Batting: LHB Andrew Moore 0-0: Foul Ball, location: 2F
0-1: Ball
1-1: Swinging Strike
1-2: Strikes out swinging
Pinch Hitting: RHB Danny Valentin 0-0: Swinging Strike
0-1: Ball
1-1: Swinging Strike
1-2: Strikes out swinging
Batting: LHB Matt Tanner 0-0: Ball
1-0: Foul Ball, location: 2F
1-1: Called Strike
1-2: Foul Ball, location: 2F
1-2: Strikes out swinging
Top of the 11th over - 0 runs, 1 hit, 0 errors, 1 left on base; Roswell 1 - Calgary 1
BOTTOM OF THE 11TH
Calgary Flames batting - Pitching for Roswell Invaders : LHP Sam Davis
Now at 1B: Danny Valentin
Batting: RHB Tyler Johnson 0-0: Ground out 2-3 (Groundball, 15S, EV 68.1 MPH)
Batting: RHB Norinaga Yamakawakamatsu 0-0: Ground out 6-3 (Groundball, 6, EV 82.5 MPH)
Batting: RHB Alejandro Patron 0-0: Foul Ball, location: 2F
0-1: Ball
1-1: Called Strike
1-2: Strikes out swinging
Bottom of the 11th over - 0 runs, 0 hits, 0 errors, 0 left on base; Roswell 1 - Calgary 1
TOP OF THE 12TH
Roswell Invaders batting - Pitching for Calgary Flames : RHP Scott Howarth
Batting: RHB Benjie Alejandro 0-0: Ball
1-0: Foul Ball, location: 2F
1-1: Called Strike
1-2: Ball
2-2: Ball
3-2: Strikes out swinging
Batting: LHB Jalen Williams 0-0: Ball
1-0: Ball
2-0: Ground out 5-3 (Groundball, 56, EV 90.0 MPH)
Batting: RHB Shing Mah 0-0: Foul Ball, location: 2F
0-1: Ball
1-1: Fly out, F9 (Flyball, 89M, EV 96.2 MPH)
Top of the 12th over - 0 runs, 0 hits, 0 errors, 0 left on base; Roswell 1 - Calgary 1
BOTTOM OF THE 12TH
Calgary Flames batting - Pitching for Roswell Invaders : LHP Sam Davis
Pinch Hitting: RHB Willie Torres 0-0: Foul Ball, location: 2F
0-1: Foul Ball, location: 2F
0-2: Hit by Pitch
Batting: RHB Mick Vaught 0-0: Sac Bunt to 3S - play at first, batter OUT! 3-4
Willie Torres to second
Batting: RHB Rod Johnson 0-0: Intentional Walk
Batting: RHB Antonio Martinez 0-0: Swinging Strike
0-1: Grounds into double play, 6-4-3 (Groundball, 6, EV 100.6 MPH)
Bottom of the 12th over - 0 runs, 0 hits, 0 errors, 1 left on base; Roswell 1 - Calgary 1
TOP OF THE 13TH
Roswell Invaders batting - Pitching for Calgary Flames : RHP Scott Howarth
Pitching: LHP Adelino Burns
Now in LF: Juan Mercado
Batting: LHB Ivan Cortez 0-0: Ground out 6-3 (Groundball, 4, EV 103.1 MPH)
Batting: LHB Angelo Lira 0-0: Ball
1-0: Ball
2-0: Called Strike
2-1: Foul Ball, location: 2F
2-2: Foul Ball, location: 2F
2-2: Strikes out swinging
Batting: RHB Ray Bieber 0-0: Called Strike
0-1: Ball
1-1: Ball
2-1: SINGLE (Line Drive, 8LS, EV 106.9 MPH)
Batting: LHB Andrew Moore 0-0: Called Strike
0-1: Ball
1-1: 2-RUN HOME RUN (Flyball, 89XD, EV 115.0 MPH), Distance : 432 ft
Batting: RHB Danny Valentin 0-0: Ground out 6-3 (Groundball, 6, EV 90.0 MPH)
Top of the 13th over - 2 runs, 2 hits, 0 errors, 0 left on base; Roswell 3 - Calgary 1
BOTTOM OF THE 13TH
Calgary Flames batting - Pitching for Roswell Invaders : LHP Sam Davis
Pinch Hitting: RHB Matt Parkinson 0-0: Ball
1-0: Foul Ball, location: 2F
1-1: Called Strike
1-2: Foul Ball, location: 2F
1-2: Ball
2-2: Ball
3-2: Base on Balls
Batting: LHB Garrett Dodge 0-0: Ball
1-0: Ball
2-0: Called Strike
2-1: Called Strike
2-2: Ball
3-2: Base on Balls
Matt Parkinson to second
Pitching: RHP Daryl Blair
Batting: RHB Tyler Johnson 0-0: Ball
1-0: Foul Ball, location: 2F
1-1: Ball
2-1: Ground out 5-3 (Groundball, 56, EV 100.0 MPH)
Matt Parkinson to third
Garrett Dodge to second
Batting: RHB Norinaga Yamakawakamatsu 0-0: Ball
1-0: Foul Ball, location: 2F
1-1: Foul Ball, location: 2F
1-2: Fly out, F8 (Flyball, 89M, EV 93.8 MPH)
Batting: RHB Alejandro Patron 0-0: Foul Ball, location: 2F
0-1: 3-RUN HOME RUN (Flyball, 7D, EV 106.9 MPH), Distance : 415 ft
Bottom of the 13th over - 3 runs, 1 hit, 0 errors, 0 left on base; Roswell 3 - Calgary 4
Tuesday, March 28th , 2023 - OOTP Baseball 23.10 Build 110